 Dungeon Crawl Stone Soup version 0.19.3 (webtiles) character file.

20677 Dolanko the Carver (level 12, -1/88 HPs)
             Began as a Demonspawn Gladiator on Jan 23, 2017.
             Was a High Priest of Okawaru.
             Slain by Rupert
             ... wielding a +4 great mace of holy wrath
              (12 damage)
             ... on level 12 of the Dungeon.
             The game lasted 00:32:41 (17518 turns).

Dolanko the Carver (Demonspawn Gladiator)          Turns: 17518, Time: 00:32:42

Health: -1/88      AC: 23    Str: 18    XL:     12   Next: 47%
Magic:  0/12       EV: 14    Int: 12    God:    Okawaru [*****.]
Gold:   592        SH:  0    Dex: 18    Spells: 0 memorised, 11 levels left

rFire  . . .     SeeInvis .     a - +1 long sword
rCold  . . .     Gourm    .     h - +6 ring mail "Jalehibad" {+Fly}
rNeg   . . .     Faith    .     (no shield)
rPois  +         Spirit   +     (helmet restricted)
rElec  +         Reflect  .     u - +2 cloak
rCorr  .         Harm     +     b - +2 pair of gloves
MR     .....                    v - +2 pair of boots of Patience {Dex+4}
Stlth  +.........               d - amulet of harm
                                (no ring)
                                (no ring)

@: no status effects
A: horns 2, repulsion field 1, frail 1, sense surroundings 1, poison resistance,
powered by pain 1, electricity resistance, magic shield, magic regeneration
a: Heroism, Finesse, Renounce Religion, Evoke Flight


You were on level 12 of the Dungeon.
You worshipped Okawaru.
Okawaru was extremely pleased with you.
You were not hungry.

You visited 4 branches of the dungeon, and saw 15 of its levels.

You collected 832 gold pieces.
You spent 240 gold pieces at shops.

Inventory:

Hand Weapons
 a - a +1 long sword (weapon)
Armour
 b - a +2 pair of gloves (worn)
 h - the +6 ring mail "Jalehibad" (worn) {+Fly}
   (You found it on level 10 of the Dungeon)

   It lets you fly.
 m - +0 steam dragon scales
 n - a +1 plate armour of cold resistance
 t - a +0 plate armour
 u - a +2 cloak (worn)
 v - the +2 pair of boots of Patience (worn) {Dex+4}
   (You found it on level 9 of the Dungeon)

   It affects your dexterity (+4).
 C - a +0 buckler
Jewellery
 d - an amulet of harm (around neck)
 p - an uncursed amulet of the gourmand
 w - an uncursed amulet of faith
Wands
 g - a wand of iceblast (1/15)
 x - a wand of paralysis (4/24)
 y - a wand of acid (6/15)
Scrolls
 e - 5 scrolls of identify
 j - a scroll of fog
 k - 3 scrolls of remove curse
 q - a scroll of teleportation
Potions
 o - a potion of cancellation
 r - a potion of magic
Comestibles
 c - 3 beef jerkies
 f - 7 bread rations
 i - a royal jelly
 l - 5 meat rations
 s - 4 chunks of flesh
 z - 11 fruits
 A - a slice of pizza


   Skills:
 + Level 10.3 Fighting
 * Level 13.6 Long Blades
 - Level 1.7 Throwing
 + Level 9.7 Armour
 - Level 2.6 Dodging


You had 11 spell levels left.
You didn't know any spells.

Dungeon Overview and Level Annotations

Branches:
Dungeon (12/15)            Temple (1/1) D:7            Lair (1/6) D:9
    Orc (1/2) D:11

Altars:
Ashenzari
Cheibriados
Dithmenos
Elyvilon
Fedhas
Gozag
Hepliaklqana
Kikubaaqudgha
Makhleb
Nemelex Xobeh
Okawaru
Qazlal
Ru
Uskayaw
Vehumet
Xom
Zin
The Shining One
Beogh

Shops:
D:6 :%([!   D:11 }%?*

Portals:
Trove: D:12 (give +5 fire dragon scales)

Annotations:
D:12 Rupert


Innate Abilities, Weirdness & Mutations

You have a pair of horns on your head.
You are surrounded by a mild repulsion field. (EV +2)
You sometimes gain a little power by taking damage.
When hurt, damage is shared between your health and your magic reserves.
You regenerate magic rapidly.
You are frail. (-10% HP)
You passively map a small area around you.
Your system is resistant to poisons. (rPois)
You are resistant to electric shocks. (rElec)


Message History

Rupert resists with almost no effort.
This wand has 4 charges left.
Rupert yells loudly at you.
You suddenly lose the ability to move!
Rupert screams, "Give me the Holy Grail!"
Rupert hits you with a great mace of holy wrath.
You convulse.
Rupert hits you with a great mace of holy wrath!
You convulse!
You can move again.
Unknown command.
Rupert yells loudly at you.
You suddenly lose the ability to move!
Rupert roars madly and goes into a rage!
Rupert goes berserk!
You can move again.
Rupert rages.
Rupert hits you with a great mace of holy wrath!!
* * * LOW HITPOINT WARNING * * *
You convulse!
You die...

##............%......
#........############
#......### * *
#.....## , #.....# ,,
, #....## * #....# *
* * #...@# , , #...@#
, #..))# , *** *
#....## * * #.....#
,, ,, , #.....## , ,
, #......### *
#........############
##...................
#..........†........


You could see Rupert (berserk).

Vanquished Creatures
  An unseen horror (D:11)
  2 hill giants
  An ugly thing (D:12)
  A cyclops (D:12)
  A manticore (D:12)
  Maurice (D:8)
  Joseph (D:8)
  Psyche (D:8)
  A black mamba (Lair:1)
  A komodo dragon (D:9)
  4 trolls
  2 two-headed ogres
  Prince Ribbit (D:8)
  5 hippogriffs
  29 yaks
  A spriggan (D:8)
  2 wyverns
  A basilisk (Lair:1)
  4 fire bats (D:10)
  4 hungry ghosts
  A steam dragon (D:11)
  A warg (Orc:1)
  6 water moccasins
  A porcupine (Lair:1)
  A hell hound (D:10)
  9 orc warriors
  A black bear (D:11)
  2 ice beasts
  3 sky beasts
  8 ogres
  A phantom (D:5)
  2 eyes of draining
  A crocodile (D:11)
  8 centaurs
  2 big kobolds
  12 bullfrogs
  2 wyvern zombies
  A water moccasin zombie (D:7)
  4 scorpions
  5 howler monkeys
  2 lava snakes (D:10)
  5 crimson imps
  A quasit (D:11)
  A bullfrog zombie (D:5)
  6 hounds
  8 jellies
  15 orc priests
  3 centaur zombies
  A gnoll shaman (D:5)
  A bullfrog skeleton (D:6)
  4 centaur skeletons
  15 orc wizards
  3 iguanas
  11 worker ants
  A killer bee zombie (D:8)
  2 hound skeletons
  2 worker ant zombies
  6 gnolls (D:5)
  A howler monkey skeleton (D:8)
  16 adders
  7 shadow imps
  2 adder skeletons
  3 worms
  4 dart slugs
  3 leopard geckos
  47 orcs
  2 ball pythons
  A bat zombie (D:8)
  5 giant cockroaches
  6 goblins
  5 hobgoblins
  4 jackals
  6 quokkas
  4 bats
  4 frilled lizards
  12 kobolds
  6 rats
  A rat zombie (D:8)
361 creatures vanquished.

Vanquished Creatures (others)
  A fire vortex (D:10)
  3 plants (D:9)
4 creatures vanquished.

Grand Total: 365 creatures vanquished

Notes
Turn   | Place    | Note
-------+----------+-------------------------------------------
     0 | D:1      | Dolanko the Demonspawn Gladiator began the quest for the Orb.
     0 | D:1      | Reached XP level 1. HP: 16/16 MP: 1/1
   342 | D:1      | Gained mutation: You have a pair of small horns on your head. [demonic ancestry]
   342 | D:1      | Reached XP level 2. HP: 22/22 MP: 2/2
   343 | D:1      | Reached skill level 3 in Long Blades
   836 | D:1      | Reached skill level 1 in Armour
  1116 | D:2      | Reached XP level 3. HP: 22/27 MP: 3/3
  2175 | D:3      | Noticed a centaur
  2190 | D:3      | Killed a centaur
  2190 | D:3      | Reached skill level 4 in Long Blades
  2190 | D:3      | Reached XP level 4. HP: 12/34 MP: 4/4
  2526 | D:3      | Reached XP level 5. HP: 36/39 MP: 5/5
  2951 | D:4      | Noticed an ogre
  2965 | D:4      | Killed an ogre
  2985 | D:4      | Gained mutation: You are surrounded by a mild repulsion field. (EV +2) [demonic ancestry]
  2985 | D:4      | Reached XP level 6. HP: 39/47 MP: 6/6
  3169 | D:4      | Reached skill level 5 in Long Blades
  3407 | D:4      | Gained mutation: You are frail. (-10% HP) [potion of mutation]
  3407 | D:4      | Gained mutation: You passively map a small area around you. [potion of mutation]
  3407 | D:4      | Gained mutation: Your system is resistant to poisons. (rPois) [potion of mutation]
  3593 | D:4      | Found a burning altar of Makhleb.
  3593 | D:4      | Found a faded altar of an unknown god.
  3598 | D:4      | Found a faded altar of an unknown god.
  3600 | D:4      | Found a sparkling altar of Nemelex Xobeh.
  3602 | D:4      | Found a faded altar of an unknown god.
  3712 | D:5      | Entered Level 5 of the Dungeon
  3833 | D:5      | Noticed an orc warrior
  4311 | D:5      | Reached XP level 7. HP: 24/47 MP: 7/7
  4775 | D:5      | Reached skill level 6 in Long Blades
  5011 | D:5      | Found a white marble altar of Elyvilon.
  5643 | D:6      | Found Sukischa's Antique Weapon Shoppe.
  5668 | D:6      | Gained mutation: You sometimes gain a little power by taking damage. [demonic ancestry]
  5668 | D:6      | Reached XP level 8. HP: 47/54 MP: 8/8
  5675 | D:6      | Found Ufaharer's Armour Shoppe.
  5679 | D:6      | Bought a +2 cloak for 165 gold pieces
  5758 | D:6      | Reached skill level 7 in Long Blades
  5986 | D:6      | Reached skill level 5 in Fighting
  6069 | D:6      | Found Ciedocw's Food Boutique.
  6109 | D:6      | Found Tousmus's Book Shop.
  6435 | D:6      | Found Recricuxt's Distillery.
  6463 | D:6      | Bought a potion of heal wounds for 75 gold pieces
  6817 | D:7      | Reached skill level 8 in Long Blades
  7043 | D:7      | Reached skill level 5 in Armour
  7055 | D:7      | Gained mutation: When hurt, damage is shared between your health and your magic reserves. [demonic ancestry]
  7055 | D:7      | Reached XP level 9. HP: 58/62 MP: 9/9
  7522 | D:7      | Reached skill level 9 in Long Blades
  7562 | D:7      | Found a staircase to the Ecumenical Temple.
  7572 | Temple   | Entered the Ecumenical Temple
  7649 | Temple   | Became a worshipper of Warmaster Okawaru
  8106 | D:8      | Noticed Prince Ribbit
  8136 | D:8      | Killed Prince Ribbit
  8136 | D:8      | Reached * piety under Okawaru
  8467 | D:8      | Noticed Maurice
  8468 | D:8      | Gained mutation: You are resistant to electric shocks. (rElec) [potion of beneficial mutation]
  8534 | D:8      | Killed Maurice
  8534 | D:8      | Reached ** piety under Okawaru
  8534 | D:8      | Reached skill level 10 in Long Blades
  8534 | D:8      | Gained mutation: You have a pair of horns on your head. [demonic ancestry]
  8534 | D:8      | Reached XP level 10. HP: 68/71 MP: 10/10
  8578 | D:8      | Noticed Joseph
  8603 | D:8      | Killed Joseph
  8713 | D:8      | Noticed Psyche
  8720 | D:8      | Killed Psyche
  9020 | D:8      | Found an ancient bone altar of Kikubaaqudgha.
  9226 | D:9      | Reached *** piety under Okawaru
  9517 | D:9      | Found a staircase to the Lair.
  9579 | D:9      | Reached skill level 11 in Long Blades
  9962 | D:9      | Found a glowing golden altar of the Shining One.
 10181 | D:9      | Got a pair of pitted boots
 10202 | D:9      | Identified the +2 pair of boots of Patience {Dex+4} (You found it on level 9 of the Dungeon)
 10216 | D:9      | Paralysed by a centaur for 3 turns
 10225 | D:9      | Paralysed by a centaur for 6 turns
 10609 | D:9      | Reached **** piety under Okawaru
 10652 | D:10     | Entered Level 10 of the Dungeon
 10797 | D:10     | Reached XP level 11. HP: 78/78 MP: 11/11
 11296 | D:10     | Got a bloodstained ring mail
 11397 | D:10     | Identified the +6 ring mail "Jalehibad" {+Fly} (You found it on level 10 of the Dungeon)
 11518 | D:11     | Found Eqaellol's Magic Scroll Boutique.
 11692 | D:11     | Reached ***** piety under Okawaru
 11708 | D:11     | Reached skill level 12 in Long Blades
 11721 | D:11     | Found Teongo's Gadget Boutique.
 11766 | D:11     | Found Yzigagot's Food Emporium.
 12290 | D:11     | Noticed a hill giant
 12301 | D:11     | Killed a hill giant
 12442 | D:11     | Received a gift from Okawaru
 12456 | D:11     | Found Batezu Pey's General Store.
 12630 | D:11     | Killed an unseen horror
 12904 | D:11     | Found a staircase to the Orcish Mines.
 13096 | Orc:1    | Entered Level 1 of the Orcish Mines
 14161 | Orc:1    | Found a roughly hewn altar of Beogh.
 14163 | Orc:1    | Noticed a deep elf mage
 14163 | Orc:1    | Noticed a deep elf mage
 14163 | Orc:1    | Noticed a deep elf mage
 14163 | Orc:1    | Noticed a deep elf mage
 14163 | Orc:1    | Noticed a deep elf mage
 14174 | Orc:1    | Noticed a deep elf mage
 14442 | Lair:1   | Entered Level 1 of the Lair of Beasts
 14920 | Lair:1   | Gained mutation: You regenerate magic rapidly. [demonic ancestry]
 14920 | Lair:1   | Reached XP level 12. HP: 86/87 MP: 12/12
 15146 | Lair:1   | Reached skill level 13 in Long Blades
 15332 | Lair:1   | Received a gift from Okawaru
 15447 | Lair:1   | Noticed a six-headed hydra
 15588 | D:12     | Reached skill level 10 in Fighting
 16211 | D:12     | Found a portal to a secret trove of treasure.
 17491 | D:12     | Noticed Rupert
 17503 | D:12     | Paralysed by Rupert for 7 turns
 17513 | D:12     | Paralysed by Rupert for 3 turns
 17518 | D:12     | Slain by Rupert

Skill      XL: |  1  2  3  4  5  6  7  8  9 10 11 12 |
---------------+-------------------------------------+-----
Long Blades    | 3 4 5 6 8 10 11 12 13 | 13.6
Armour         | 1 2 3 4 5 6 7 9 |  9.7
Fighting       | 3 4 5 7 8 9 10 | 10.3
Throwing       | |  1.7
Dodging        | |  2.6

Action                   |  1- 3 |  4- 6 |  7- 9 | 10-12 || total
-------------------------+-------+-------+-------+-------++-------
Melee: Long sword        |    92 |   117 |   358 |   792 ||  1359
       Headbutt          |    16 |    35 |    77 |   235 ||   363
Throw: Javelin           |     5 |    20 |    28 |    11 ||    64
       Throwing net      |     2 |     1 |     1 |       ||     4
Invok: Heroism           |       |       |       |     2 ||     2
 Abil: Evoke Flight      |       |       |       |     1 ||     1
Evoke: Wand              |       |       |       |     3 ||     3
  Use: Potion            |     1 |     3 |     7 |     5 ||    16
       Scroll            |       |     9 |     7 |    10 ||    26
 Stab: Paralysed         |       |       |       |     7 ||     7
       Invisible         |       |       |       |     1 ||     1
  Eat: Chunk             |    12 |     4 |    19 |    20 ||    55
       Pizza             |       |       |       |     1 ||     1
       Bread ration      |       |       |       |     3 ||     3
Armor: Chain mail        |    61 |    65 |    65 |       ||   191
       Leather armour    |     1 |       |       |       ||     1
       Plate armour      |       |       |   155 |   178 ||   333
       Ring mail         |       |       |       |   230 ||   230
       Skin              |       |       |       |    12 ||    12
Dodge: Dodged            |    47 |    77 |   180 |   390 ||   694
       Rpst.: Long sword |    15 |    31 |    52 |   106 ||   204
